Cogmind - Beta 16.1 @@@ ROGUE MODE // 2026.02.11 @ 17:46:13 Player: MrFartsburg Result: Destroyed by G-47 Trooper with Particle Gun Performance ------------- Evolutions (2) 1000 Regions Visited (5) 1000 Robots Destroyed (40) 200 Value Destroyed (1159) 1159 Prototype IDs (1) 20 Alien Tech Used (0) 0 Bonus (0) 0 TOTAL SCORE: 3379 Bonus ------- None Cogmind --------- Core Integrity 0/550 Matter 183/300 Energy 350/350 System Corruption 2% Temperature Cool (9) Movement Walking (185) Ox1 Location -8/Materials Parts ------- > --- POWER (2) -------- Light Nuclear Core Improved Deuterium Engine > --- PROPULSION (2) --- Carbon-fiber Leg VSS Leg > --- UTILITY (3) ------ Improved Heat Sink Large Storage Unit Component Analysis Suite > --- WEAPON (4) ------- Particle Gun Field Laser Heavy Particle Gun Assault Rifle > --- INVENTORY (15) --- Light Ion Engine Light Nuclear Core Light Treads Light Treads Aluminum Leg Improved Heat Sink Improved Heat Sink High-capacity Battery (250) ECM Suite Improved Utility Shielding Hacking Suite Component Analysis Suite Peak State ------------ > --- POWER ------------ Light Nuclear Core Improved Deuterium Engine > --- PROPULSION ------- Carbon-fiber Leg Improved Titanium Leg > --- UTILITY ---------- Large Storage Unit Energy Filter Improved Medium Armor Plating > --- WEAPON ----------- Field Laser Heavy Particle Gun Assault Cannon Missile Launcher > --- INVENTORY -------- Light Ion Engine Light Treads Light Treads Aluminum Leg Aluminum Leg Improved Heat Sink Improved Heat Sink High-capacity Battery ECM Suite Hacking Suite Component Analysis Suite Component Analysis Suite Assault Rifle Assault Rifle [Rating: 38] Favorites ----------- Power Improved Deuterium Engine Engine Improved Deuterium Engine Power Core Light Nuclear Core Propulsion Light Treads Treads Light Treads Leg Improved Titanium Leg Utility Large Storage Unit Device ECM Suite Storage Large Storage Unit Processor Machine Analyzer Protection Improved Medium Armor Plating Weapon EM Pulse Gun Energy Gun EM Pulse Gun Ballistic Gun Light Assault Rifle Ballistic Cannon Assault Cannon Launcher Missile Launcher Build | -11 -10 -10 -10 -9 -8 ------- Run | Yrd Mat Min Exi Min Mat Slots Evolved 4 | . . . . . 4 Power 1 | . . . . . 1 Propulsion . | . . . . . . Utility 1 | . . . . . 1 Weapon 2 | . . . . . 2 Parts Attached 35 | 6 5 1 . 4 19 Power 4 | 1 . . . 1 2 Engine 2 | 1 . . . 1 . Core 2 | . . . . . 2 Reactor . | . . . . . . Propulsion 10 | 2 . . . 2 6 Treads 2 | 2 . . . . . Leg 8 | . . . . 2 6 Wheel . | . . . . . . Hover . | . . . . . . Flight . | . . . . . . Utility 9 | 1 3 . . . 5 Device 4 | . 1 . . . 3 Storage 3 | 1 2 . . . . Processor 1 | . . . . . 1 Hackware . | . . . . . . Protection 1 | . . . . . 1 Artifact . | . . . . . . Weapon 12 | 2 2 1 . 1 6 Energy Gun 6 | 1 . . . 1 4 Energy Cannon . | . . . . . . Ballistic Gun 3 | 1 1 1 . . . Ballistic Cannon 1 | . . . . . 1 Launcher 2 | . 1 . . . 1 Special Weapon . | . . . . . . Impact Weapon . | . . . . . . Slashing Weapon . | . . . . . . Piercing Weapon . | . . . . . . Special Melee Weapon . | . . . . . . Unidentified Prototypes 1 | . . . . . 1 Parts Lost 9 | . . . . . 9 Power 1 | . . . . . 1 Propulsion 1 | . . . . . 1 Utility 2 | . . . . . 2 Weapon 5 | . . . . . 5 Highest Loss Streak 5 | . . . . . 5 To Critical Strikes . | . . . . . . Average Backups 11 | 2 4 7 9 14 12 Power 2 | . 1 1 3 2 1 Propulsion 2 | 1 1 2 2 2 3 Utility 3 | . . 1 1 4 5 Weapon 2 | . 1 2 3 4 1 Tool/Special . | . . . . . . Unused Backups 9 | . 1 . . 3 5 Power 4 | . . . . 3 1 Propulsion 1 | . . . . . 1 Utility 3 | . . . . . 3 Weapon 1 | . 1 . . . . Tool/Special . | . . . . . . Average Slot Usage (%) 99 | . 97 100 100 100 97 Engine 13 | . 14 14 14 14 13 Core 1 | . . . . . 4 Treads 11 | . 28 28 28 . . Leg 13 | . . . . 27 17 Device 11 | . 2 14 14 14 8 Storage 13 | . 23 14 14 14 9 Protection 2 | . . . . . 8 Energy Gun 20 | . 14 14 14 27 20 Ballistic Gun 7 | . 13 10 14 . 5 Launcher 1 | . . 3 . . 6 Peak Build Rating 38 | 6 7 7 8 18 38 Average Rating 16 | 4 6 7 7 17 31 On Entrance 7 | . 6 7 7 8 18 Avg Prop Armor Cover (%) 2 | . . . . . 2 Naked Turns . | . . . . . . Heaviest Build 62 | 14 33 32 30 38 62 Greatest Support 40 | 40 40 40 40 40 35 Greatest Overweight (x) 5 | . . . . 1 5 Average Overweight (x) . | . . . . . 1 Largest Inventory Capacity 15 | 8 15 15 15 15 15 Average Capacity 14 | 6 9 15 15 15 15 Most Carried 15 | 5 6 8 10 15 15 Average Carried 11 | 2 4 7 9 14 12 Final Capacity 15 | 8 15 15 15 15 15 Final Carried 15 | 3 6 8 10 15 12 Class Distribution -------------------- 74% | Mutant 23% | Tank Dominant Class ---------------- Mutant | -10/Materials Mutant | -10/Mines Mutant | -10/Exiles Mutant | -9/Mines Tank | -8/Materials Resources | -11 -10 -10 -10 -9 -8 ----------- Run | Yrd Mat Min Exi Min Mat Matter Collected 1038 | 187 94 25 . 145 587 Remotely . | . . . . . . Salvage Created 1222 | . 162 40 . 71 949 Parts 66 | . 6 7 . 7 46 Haulers Intercepted . | . . . . . . Recyclers Shooed 1 | . . . . 1 . Parts Field Recycled . | . . . . . . Retrieved Matter . | . . . . . . Parts Self-Destructed . | . . . . . . Prevented . | . . . . . . Parts Restored . | . . . . . . Kills | -11 -10 -10 -10 -9 -8 ------- Run | Yrd Mat Min Exi Min Mat Combat Hostiles Destroyed 31 | . 2 3 . 4 22 Guns 14 | . . 2 . 4 8 Cannons 1 | . . . . . 1 AOE 16 | . 2 1 . . 13 Classes Destroyed 8 | . 3 1 . . 4 Worker 3 | . . . . . 3 Builder 2 | . 1 . . . 1 Tunneler 1 | . . . . . 1 Recycler 3 | . 1 . . . 2 Swarmer 10 | . . 3 . 4 3 Grunt 17 | . 2 . . . 15 Duelist 1 | . . . . . 1 Sentry 3 | . . . . . 3 Best Kill Streak 9 | . 4 3 . 4 9 Combat Bots Only 6 | . 2 3 . 4 6 Max Kills in Single Turn 5 | . 1 2 . 1 5 Gunslinging . | . . . . . . Exploded 4 | . 1 1 . . 4 Melee . | . . . . . . Uniques/NPCs Destroyed . | . . . . . . Combat | -11 -10 -10 -10 -9 -8 -------- Run | Yrd Mat Min Exi Min Mat Hostile Shots Fired 158 | . 10 6 . 22 120 Missed 48 | . 4 1 . 10 33 Hits 110 | . 6 5 . 12 87 Projectile 110 | . 6 5 . 12 87 Critical Strikes 9 | . . . . . 9 Damage Taken 2029 | . 74 43 . 92 1820 Core 592 | . 10 . . 21 561 Absorbed by Shields . | . . . . . . Core Remaining (%) 93 | 100 . . . 87 . Volleys Fired 53 | . 5 2 . 8 38 Largest 4 | . 2 2 . 2 4 Hottest 203 | . 70 70 . 95 203 Shots Fired 160 | . 10 4 . 16 130 Gun 122 | . 6 3 . 16 97 Cannon 13 | . . . . . 13 Launcher 25 | . 4 1 . . 20 Special . | . . . . . . Kinetic 46 | . 1 1 . . 44 Thermal 54 | . . . . . 54 Explosive 25 | . 4 1 . . 20 Electromagnetic 35 | . 5 2 . 16 12 Robot Hit Streak 8 | . 2 2 . 2 8 Robot Miss Streak 5 | . 2 1 . 4 5 Penetration Max . | . . . . . . Secondary Targets 5 | . . 1 . 2 2 Max Gunslinging Chain 1 | . . 1 . 1 1 Shots Hit Robots 70 | . 4 2 . 5 59 Core Hits 65 | . 6 3 . 4 52 Critical Kills . | . . . . . . Critical Parts Destroyed . | . . . . . . Critical Strikes 1 | . . . . . 1 Burn 1 | . . . . . 1 Melee Attacks . | . . . . . . Impact . | . . . . . . Slashing . | . . . . . . Piercing . | . . . . . . Sneak Attacks . | . . . . . . Combat Hostiles . | . . . . . . Follow-up Attacks . | . . . . . . Damage Inflicted 2753 | . 223 49 . 66 2415 Guns 869 | . 36 24 . 66 743 Cannons 150 | . . . . . 150 Explosions 1688 | . 187 25 . . 1476 Melee . | . . . . . . Ramming 46 | . . . . . 46 Kinetic 330 | . . . . . 330 Thermal 862 | . 61 . . . 801 Explosive 1315 | . 126 25 . . 1164 Electromagnetic 200 | . 36 24 . 66 74 Impact . | . . . . . . Slashing . | . . . . . . Piercing . | . . . . . . Highest Corruption 2 | . 1 1 1 1 2 Average Corruption 1 | . 1 1 1 1 2 Corruption Purged . | . . . . . . Corruption Blocked . | . . . . . . Effects 19 | . 1 . 6 3 9 Message Errors 5 | . . . 3 1 1 Matter Fused 6 | . . . 3 . 3 Heat Flow Errors 4 | . . . . 1 3 Data Loss (minor) 3 | . 1 . . 1 1 Weapon Failures 1 | . . . . . 1 Overload Shots . | . . . . . . Overflow Damage 77 | . 21 . . . 56 Projectiles . | . . . . . . Explosions 77 | . 21 . . . 56 Melee . | . . . . . . Knockbacks 4 | . . . . . 4 Impact 1 | . . . . . 1 Kinetic 3 | . . . . . 3 Secondary . | . . . . . . Self-Inflicted Damage 96 | . . . . . 96 Shots 3 | . . . . . 3 Rammed . | . . . . . . Targets Rammed 7 | . . . . . 7 Kicked 7 | . . . . . 7 Crushed . | . . . . . . Highest Temperature 1243 | . 49 9 . 195 1243 Average Temperature 289 | . 22 6 . 82 324 Received Heat Transfer 915 | . 42 . . . 873 Effects 69 | . . . . . 69 Shutdowns 25 | . . . . . 25 Energy Bleed 5 | . . . . . 5 Interference 10 | . . . . . 10 Matter Decay 3 | . . . . . 3 Short Circuit 9 | . . . . . 9 Damage (minor) 6 | . . . . . 6 Damage (major) 7 | . . . . . 7 Damage (core) 4 | . . . . . 4 Siege Activations . | . . . . . . Martial Activations . | . . . . . . Shielding Activations . | . . . . . . Robots Disrupted . | . . . . . . Combat Hostiles . | . . . . . . Robots Corrupted . | . . . . . . Combat Hostiles . | . . . . . . Parts Fried . | . . . . . . Impact Corruptions . | . . . . . . Robots Melted . | . . . . . . Combat Hostiles . | . . . . . . Parts Melted 2 | . . . . . 2 Heat Transferred 1460 | . 50 . . . 1410 Parts Sabotaged . | . . . . . . Parts Stolen . | . . . . . . Parts Stripped . | . . . . . . Power Chain Reactions 3 | . 1 . . . 2 Alert | -11 -10 -10 -10 -9 -8 ------- Run | Yrd Mat Min Exi Min Mat Maximum Alert Level 1 | . . . . . 1 Low Security (%) 84 | 100 100 100 . 100 58 Level 1 15 | . . . . . 41 Level 2 . | . . . . . . Level 3 . | . . . . . . Level 4 . | . . . . . . Level 5 . | . . . . . . High Security . | . . . . . . Max Security . | . . . . . . Peak Influence 365 | . 79 113 . 84 365 Initial 13 | . . 7 . . 13 Average 75 | . 31 92 . 10 177 Influence Increases 1044 | . 89 106 . 90 759 Destroy 0b10 Robot/C 620 | . 40 60 . 80 440 Destroy 0b10 Robot/NC 45 | . 10 . . . 35 Destroy Leader 140 | . 10 10 . 10 110 Disable Machine 75 | . 15 30 . . 30 Destroy Structure 164 | . 14 6 . . 144 Influence Decreases 718 | . 70 52 73 54 469 Entered New Map 108 | . . 12 73 . 23 Time Decay 520 | . 70 40 . 54 356 Lost Part 90 | . . . . . 90 Squads Dispatched 11 | . . . . 1 10 Investigation 2 | . . . . 1 1 Extermination . | . . . . . . Reinforcement 6 | . . . . . 6 Assault . | . . . . . . Garrison 3 | . . . . . 3 Intercept . | . . . . . . Searches Triggered . | . . . . . . Construction Impeded 4 | . . . . . 4 Haulers Reinforced . | . . . . . . Active Scanning Responses . | . . . . . . Cargo Convoy Interrupts . | . . . . . . Stealth | -11 -10 -10 -10 -9 -8 --------- Run | Yrd Mat Min Exi Min Mat Distress Signals . | . . . . . . Communications Jammed . | . . . . . . Distress Signals . | . . . . . . Times Spotted 45 | . 2 2 . 9 32 Peak Tracking Total 6 | . 2 2 . 4 6 Tactical Retreats 1 | . . . . 1 . ECM-based Alert Blocks 3 | . . . . 3 . Traps | -11 -10 -10 -10 -9 -8 ------- Run | Yrd Mat Min Exi Min Mat Traps Triggered 2 | . 1 . . . 1 Indirectly . | . . . . . . Trap Hack Attempts . | . . . . . . Triggered . | . . . . . . Disarmed . | . . . . . . Reprogrammed . | . . . . . . Reused . | . . . . . . Traps Extracted . | . . . . . . Installed . | . . . . . . Triggered . | . . . . . . Machines | -11 -10 -10 -10 -9 -8 ---------- Run | Yrd Mat Min Exi Min Mat Machines Disabled 5 | . 1 2 . . 2 Max in Single Turn 2 | . 1 2 . . 1 Machines Repaired . | . . . . . . Machines Dismantled . | . . . . . . Machines Sabotaged . | . . . . . . Overloaded Fab Kills . | . . . . . . Hacking | -11 -10 -10 -10 -9 -8 --------- Run | Yrd Mat Min Exi Min Mat Machines Accessed 6 | . . . 4 1 1 Terminals . | . . . . . . Fabricators . | . . . . . . Repair Stations . | . . . . . . Recycling Units 1 | . . . . . 1 Scanalyzers . | . . . . . . Garrison Access . | . . . . . . Total Hacks 53 | . . . 49 1 3 Successful 50 | . . . 49 1 . Failed 3 | . . . . . 3 Catastrophic . | . . . . . . Database Lockouts . | . . . . . . Manual . | . . . . . . Terminals . | . . . . . . Fabricators . | . . . . . . Repair Stations . | . . . . . . Recycling Units 3 | . . . . . 3 Scanalyzers . | . . . . . . Garrison Access . | . . . . . . Terminal Hacks 50 | . . . 49 1 . Record 49 | . . . 49 . . Open Door 1 | . . . . 1 . Fabricator Hacks . | . . . . . . Repair Station Hacks . | . . . . . . Recycling Unit Hacks . | . . . . . . Scanalyzer . | . . . . . . Garrison Access Hacks . | . . . . . . Unauthorized Hacks . | . . . . . . Terminals . | . . . . . . Fabricators . | . . . . . . Repair Stations . | . . . . . . Recycling Units . | . . . . . . Scanalyzers . | . . . . . . Garrison Access . | . . . . . . Data Cores Recovered . | . . . . . . Used . | . . . . . . Hacking Detections 1 | . . . . . 1 Full Trace Events 1 | . . . . . 1 Feedback Events . | . . . . . . Feedback Blocked . | . . . . . . Robot Schematics Acquired . | . . . . . . Robots Built . | . . . . . . Authchips . | . . . . . . Time . | . . . . . . Total Robot Build Rating . | . . . . . . Part Schematics Acquired . | . . . . . . Parts Built . | . . . . . . Authchips . | . . . . . . Time . | . . . . . . Total Part Build Rating . | . . . . . . Part Studies Acquired . | . . . . . . Parts Repaired . | . . . . . . Time . | . . . . . . Parts Recycled . | . . . . . . Recycled Matter . | . . . . . . Retrieved Matter . | . . . . . . Retrieved Components . | . . . . . . Parts Scanalyzed . | . . . . . . Part Schematics Acquired . | . . . . . . Parts Damaged . | . . . . . . Bothacking | -11 -10 -10 -10 -9 -8 ------------ Run | Yrd Mat Min Exi Min Mat Used RIF Installer . | . . . . . . Robots Hacked . | . . . . . . Non-combat . | . . . . . . Combat . | . . . . . . Robot Hacks Applied . | . . . . . . Relay Couplers Released . | . . . . . . Fabnet Peak Effective % . | . . . . . . Robots Rewired . | . . . . . . Allies Hacked . | . . . . . . Hacks Repelled . | . . . . . . Allies | -11 -10 -10 -10 -9 -8 -------- Run | Yrd Mat Min Exi Min Mat Total Allies . | . . . . . . Largest Group . | . . . . . . Highest-Rated Group . | . . . . . . Highest-Rated Ally . | . . . . . . Total Orders . | . . . . . . Ally Attacks . | . . . . . . Total Damage . | . . . . . . Kills . | . . . . . . Allies Corrupted . | . . . . . . Allies Melted . | . . . . . . Intel | -11 -10 -10 -10 -9 -8 ------- Run | Yrd Mat Min Exi Min Mat Active Infowar (turns) 2296 | . 35 80 908 1050 223 Machine Analysis 59 | . . . . . 59 ECM 2237 | . 35 80 908 1050 164 Robot Analysis Total . | . . . . . . Derelict Logs Recovered 1 | . . . . 1 . Drone Launches . | . . . . . . Drone Recoveries . | . . . . . . Exploration | -11 -10 -10 -10 -9 -8 ------------- Run | Yrd Mat Min Exi Min Mat Turns Passed 3140 | 79 221 80 908 1050 802 Spaces Moved 1577 | 51 121 44 564 522 275 Core 15 | 15 . . . . . Treads 776 | 36 121 44 564 11 . Legs 786 | . . . . 511 275 Wheels . | . . . . . . Hover . | . . . . . . Flight . | . . . . . . Fastest Speed 50 | 50 160 160 160 125 185 Average Speed 180 | 127 160 160 160 193 217 Slowest Speed 470 | 160 160 160 160 195 470 Overloaded Moves . | . . . . . . Propulsion Burnouts . | . . . . . . Robots Hopped . | . . . . . . Potential Cave-ins 3 | . . . . . 3 Cave-ins Triggered . | . . . . . . Exploration Rate (%) 45 | 4 31 9 90 94 42 Regions Visited 5 Branch Regions 3 Pre-discovered Areas 1 | . . . 1 . . Known Exits Taken . | . . . . . . Unknown Exits Taken 5 | 1 1 1 1 1 . Scrap Searched 2 | . . . . 2 . Spaces Dug . | . . . . . . Terrain Destroyed 213 | . 13 6 . . 194 Melee . | . . . . . . Projectile 5 | . . . . . 5 AOE 208 | . 13 6 . . 189 Terrain Rammed . | . . . . . . Walls Destroyed . | . . . . . . Machines Disabled . | . . . . . . Actions | -11 -10 -10 -10 -9 -8 --------- Run | Yrd Mat Min Exi Min Mat Total 1747 | 65 138 49 570 544 381 Wait 7 | . . . 5 . 2 Move 1572 | 50 120 43 563 521 275 Hop . | . . . . . . Pick Up 47 | 9 6 2 2 8 20 Fast Attach . | . . . . . . Attach 27 | 6 1 . . . 20 Detach . | . . . . . . Swap 19 | . 4 2 . 4 9 Drop 15 | . 2 . . 3 10 Fire 53 | . 5 2 . 8 38 Melee . | . . . . . . Ram . | . . . . . . Kick 7 | . . . . . 7 Crush . | . . . . . . Escape Stasis . | . . . . . . Rewire . | . . . . . . Trap . | . . . . . . Miscellaneous . | . . . . . . Route ------- -11/Scrapyard -10/Materials -10/Mines -10/Exiles -9/Mines (discovered 2 exits: *Mat x2) -8/Materials (discovered 1 exit: Fac) History --------- Turn | Location | Event 6 | -11/Scrapyard | Discovered new exit (range 16) 80 | -11/Scrapyard | Entered Materials 284 | -10/Materials | Discovered new exit (range 12) 301 | -10/Materials | Entered Mines 312 | -10/Mines | Met a Derelict bent on vengeance 342 | -10/Mines | Build established: Mutant 370 | -10/Mines | Deemed a non-threat by the Exiles lab entrance 372 | -10/Mines | Discovered new exit (range 5) 381 | -10/Mines | Entered Exiles 423 | -10/Exiles | Met 8R-AWN 452 | -10/Exiles | Met EX-HEX 495 | -10/Exiles | Met EX-BIN 694 | -10/Exiles | Met EX-DEC 725 | -10/Exiles | Learned location of Zion (-7) 774 | -10/Exiles | Discovered new exit (range 10) 943 | -10/Exiles | Visited The Gauntlet 1289 | -10/Exiles | Entered Mines 1291 | -9/Mines | Learned location of 1 exit from Materials 1300 | -9/Mines | Met a Derelict shopkeep closing up shop 1366 | -9/Mines | Discovered new exit (range 8) 2226 | -9/Mines | Joined a pair of Derelicts in attacking an 0b10 outpost 2331 | -9/Mines | Discovered new exit (range 5) 2339 | -9/Mines | Entered Materials 2339 | -8/Materials | Evolved 4 slots: Power x1, Utility x1, Weapon x2 2340 | -8/Materials | Identified exit to Factory 2550 | -8/Materials | Met 7R-MNS 2566 | -8/Materials | Lost 4 parts (4w) 2640 | -8/Materials | Build established: Tank 2769 | -8/Materials | Garrison activated, responded to threat 2981 | -8/Materials | Core integrity fell below 50% 2996 | -8/Materials | Core integrity fell below 20% 3104 | -8/Materials | Lost 5 parts (1p1n2u1w) 3141 | -8/Materials | Destroyed by G-47 Trooper with Particle Gun Last Messages --------------- Particle Gun temporarily disabled. Component Analysis Suite temporarily disabled. U-05 Engineer builds a Wall. Acquired 57 matter. U-05 Engineer builds a Wall. Acquired Lgt. Nuclear Core. Kicked U-05 Engineer. U-05 Engineer builds a Wall. Acquired 2 matter. Acquired 58 matter. Acquired 4 matter. Acquired 51 matter. Acquired Imp. Utility Shielding. Acquired Imp. Heat Sink. U-05 Engineer builds a Wall. U-05 Engineer lays Concrete. U-05 Engineer builds a Wall. Kicked U-05 Engineer out of the way. ALERT: Construction progress impeded, dispatching reinforcements to local area. Map ----- +----------------------------------------------------+ | ???############ """#??? #??????????? | | ???#= ## #### ##?????????? | | ???# ####+### #?????????? | | ???# ] # #?????????? | | ???# ! + T #?????????? | | ???# == # #?????????? | | ???# == ! ### #### #?????????? | | ???# == #?# ???## ##?????????? | | ??## = ###+##### ##?????????? | | #### ######### * #?????????? | | # #???# * #?????????? | | # "" #?### #= #?????????? | | #] ############ =##?????????? | | # =[ # ####### =#### #???? | | # # u [ %* | | "! + ! [ ! | | # " # | | # " = [# ##########+### ##### | | # ### ### # # # ?? #???? | | ######## # # # ## ?? #???? | | ??## ## # # # #" ""#?? #???? | | ???#### ### # ?##### """#???????? | | ??????# # # # ?????# """????????? | | ??????? # # #?????? ! ??????????? | | ???????### # #?????? #??????????? | | ??????????##@#??????## ????????????? | | ???????????#/#????????##????????????? | | ??????????? ??????????????????????? | | ??????????? u!??????????????????????? | | ??????????# ?????????????????????? | | ??????????# gg?????????????????????? | | ??????????# "g" ????????????????????? | | ??????????# "G" ????????????????????? | | ??????????# " ???????????????????? | | ??????????# * ???????????????????? | | ??????????#######+??????????????????? | | ????????????????????????????????????? | | ????????????????????????????????????? | | ????????????????????????????????????? | | ????????????????????????????????????? | | ????????????????????????????????????? | | ?????